 Dungeon Crawl Stone Soup version 0.29.1-1-gd02db6906a (webtiles) character file.

Game seed: 16011280818026003879

253 RascalDebosk the Magician (level 6, -2/46 HPs)
             Began as a Djinni Conjurer on Oct 20, 2022.
             Killed from afar by Natasha (4 damage)
             ... with a magic dart
             ... on level 3 of the Dungeon.
             The game lasted 00:17:24 (3123 turns).

RascalDebosk the Magician (Djinni Conjurer)         Turns: 3123, Time: 00:17:25

Health: -2/46      AC:  5    Str:  6    XL:     6   Next: 37%
Gold:   106        EV: 12    Int: 21    God:
                   SH:  0    Dex: 12

rFire   + + .      SeeInvis +   g - +0 long sword (holy)
rCold   x . .      Faith    .   (no shield)
rNeg    . . .      Spirit   .   a - +0 robe
rPois   ∞          Reflect  .   p - +0 helmet {SInv}
rElec   .          Harm     .   d - +0 cloak
rCorr   .          Rampage  .   m - +0 pair of gloves
Will    .....                   (boots unavailable)
Stlth   ++........              (no amulet)
HPRegen 0.15/turn               (no ring)
MPRegen 0.00/turn               (no ring)

@: flying, very slightly contaminated
A: sickness immunity, fire resistance 2, cold vulnerability 1, float, innate
caster, HP casting, extra vitality 1
a: no special abilities


You were on level 3 of the Dungeon.
You visited 1 branch of the dungeon, and saw 3 of its levels.

You collected 172 gold pieces.
You spent 66 gold pieces at shops.

Inventory:

Hand Weapons
 g - a +0 long sword of holy wrath (weapon)
 j - a +2 dagger of freezing
 o - a +2 great sword of flaming
Armour
 a - a +0 robe (worn)
 d - a +0 cloak (worn)
 m - a +0 pair of gloves (worn)
 p - a +0 helmet of see invisible (worn)
Jewellery
 b - an amulet of faith
Wands
 i - a wand of flame (11)
Scrolls
 e - 3 scrolls of identify {unknown}
 f - a scroll of enchant armour {unknown}
 k - 2 scrolls of vulnerability {unknown}
 q - a scroll of summoning {unknown}
 r - a scroll of fear {unknown}
 v - a scroll of immolation {unknown}
 w - a scroll of butterflies {unknown}
 x - a scroll of magic mapping {unknown}
Potions
 c - 2 potions of attraction {unknown}
 h - a potion of heal wounds {unknown}
 l - a potion of brilliance {unknown}
 n - a potion of curing {unknown}
 s - a potion of might {unknown}
 t - a potion of haste {unknown}
 u - a potion of flight {unknown}


   Skills:
 + Level 3.1 Fighting
 - Level 2.1 Dodging
 - Level 1.5 Stealth
 * Level 5.0 Spellcasting


You couldn't memorise any spells.
You knew the following spells:

 Your Spells              Type           Power      Damage    Failure   Level
a - Magic Dart            Conj           100%       1d8       1%          1
b - Searing Ray           Conj           52%        2d6       1%          2
c - Dazzling Flash        Conj/Hex       52%        N/A       4%          3
d - Fulminant Prism       Conj/Hex       13%        3d9       14%         4
e - Iskenderun's Mystic   Conj/Tloc      26%        2d7       14%         4
f - Beastly Appendage     Tmut           52%        N/A       1%          1
g - Ensorcelled Hibernat  Hex/Ice        52%        N/A       1%          2
Your spell library was empty.

Dungeon Overview and Level Annotations

Branches:
Dungeon (3/15)

Altars:
Qazlal

Shops:
D:2 =*[

Annotations:
D:3 Natasha, Sigmund


Innate Abilities, Weirdness & Mutations

You are immune to sickness and miasma.
You are immune to poison.
Your flesh is very heat resistant. (rF++)
You are vulnerable to cold. (rC-)
You float through the air rather than walking.
You learn spells naturally, not from books.
Your magical power is your life essence.
You have superior vitality. (+4 MHP)


Message History

The searing ray hits the orc priest.
The orc priest is moderately wounded. (Press . to maintain the ray.)
An orc comes into view. It is wielding a +0 club.
The searing ray hits the orc priest!
The orc priest is almost dead.
An orc comes into view. It is wielding a +0 dagger of speed.
The searing ray hits the orc priest.
The orc priest is almost dead.
The orc shouts!
The searing ray hits the orc priest but does no damage.
The orc priest is almost dead.
The searing ray hits the orc.
The orc is severely wounded.
You finish channelling your searing ray.
The orc priest hits you but does no damage.
Sigmund the Dreaded comes into view.
He is wielding a +3 scythe of protection and carrying a wand of polymorph (8).
The orc priest mumbles some strange prayers to Beogh against you.
Beogh smites you!
Casting: Searing Ray (safe; 2% risk of failure)
Confirm with . or Enter, or press ? or * to list all spells.
The spell is quite dangerous to miscast (16% risk of failure)!
Continue anyway?
You erupt in a blast of force!
The mystic blast hits the orc!
You kill the orc!
The mystic blast hits the orc.
You kill the orc!
The mystic blast hits the orc priest.
You kill the orc priest!
* * * LOW HITPOINT WARNING * * *
You hear an angry hiss.
Your Fighting skill increases to level 3!
Your Spellcasting skill increases to level 5!
Casting: Iskenderun's Mystic Blast (quite dangerous; 14% risk of failure)
Confirm with . or Enter, or press ? or * to list all spells.
The spell is quite dangerous to miscast (14% risk of failure)!
Continue anyway?
Aiming: Fulminant Prism (quite dangerous; 14% risk of failure)
Press: ? - help, Dir - move target You conjure a prism of explosive energy!
* * * LOW HITPOINT WARNING * * *
A fulminant prism comes into view.
Aiming: Magic Dart (safe; 1% risk of failure)
Press: ? - help, Q - select action, (/) - cycle Shift-Dir - straight line, f - orc
Aim: an orc, wielding a +0 dagger of speed (100% to hit)
The magic dart hits the orc!
You kill the orc!
* * * LOW HITPOINT WARNING * * *
Natasha, Servant of Life and Death comes into view.
Your fulminant prism crackles loudly.
Your fulminant prism explodes!
The blast of energy engulfs Sigmund!
Sigmund is moderately wounded.
The blast of energy engulfs the orc!!
You kill the orc!
Casting: Magic Dart (safe; 1% risk of failure)
Confirm with . or Enter, or press ? or * to list all spells.
The spell is quite dangerous to miscast (14% risk of failure)!
Continue anyway?
You erupt in a blast of force!
The mystic blast hits Sigmund!
Sigmund is heavily wounded.
Sigmund is knocked back by the mystic blast.
Sigmund slams into the rock wall!
Sigmund is severely wounded.
* * * LOW HITPOINT WARNING * * *
Natasha stares at you and mumbles some strange words.
The magic dart hits you!
* * * LOW HITPOINT WARNING * * *
Aiming: Magic Dart (safe; 1% risk of failure)
Press: ? - help, Q - select action, (/) - cycle Shift-Dir - straight line, f - Sigmund
Aim: Sigmund, wielding a +3 scythe of protection, wearing a +0 robe and carrying a wand of polymorph (8) (severely wounded, 100% to hit)
You miscast Magic Dart.
You are very lightly contaminated with residual magic.
Nothing appears to happen.
* * * LOW HITPOINT WARNING * * *
Aiming: Magic Dart (safe; 1% risk of failure)
Press: ? - help, Q - select action, (/) - cycle Shift-Dir - straight line, f/p - Sigmund
Aim: Sigmund, wielding a +3 scythe of protection, wearing a +0 robe and carrying a wand of polymorph (8) (severely wounded, 100% to hit)
The magic dart hits Sigmund but does no damage.
Sigmund is severely wounded.
* * * LOW HITPOINT WARNING * * *
Sigmund points at you and mumbles some strange words.
You resist with some effort. Natasha casts a spell at you.
You resist with some effort.
Aiming: Magic Dart (safe; 1% risk of failure)
Press: ? - help, Q - select action, (/) - cycle Shift-Dir - straight line, f/p - Sigmund
Aim: Sigmund, wielding a +3 scythe of protection, wearing a +0 robe and carrying a wand of polymorph (8) (severely wounded, 100% to hit)
The magic dart hits Sigmund.
Sigmund is severely wounded.
* * * LOW HITPOINT WARNING * * *
Sigmund zaps a wand.
You resist with some effort.
Aiming: Magic Dart (safe; 1% risk of failure)
Press: ? - help, Q - select action, (/) - cycle Shift-Dir - straight line, f/p - Sigmund
Aim: Sigmund, wielding a +3 scythe of protection, wearing a +0 robe and carrying a wand of polymorph (7) (severely wounded, 100% to hit)
The magic dart hits Sigmund but does no damage.
Sigmund is severely wounded.
* * * LOW HITPOINT WARNING * * *
Sigmund barely misses you. Natasha casts a spell at you.
The magic dart hits you.
You die...

.......#..##.≈.#####.≈...
.......##..#§§§.§....§...
.#.#.....##.#§≈≈≈≈≈≈≈≈≈...
#.......##.#.............
.##............#####.....
...............##........
#.........##...#).......
#.........###...........
##.h).@...............)
.....))#.................
#.#..@)####..............
#.... ####.........).
..##). #........... .. ...
#..........# # #..#
####.......# #.. ####.)[##
#.....


You could see Sigmund and Natasha.

Vanquished Creatures
  A sky beast (D:3)
  An orc priest (D:3)
  An iguana (D:3)
  2 adders
  An ufetubus (D:2)
  2 dart slugs
  5 orcs (D:3)
  8 bats
  5 endoplasms
  5 giant cockroaches
  6 hobgoblins
  3 quokkas
  6 ball pythons
  6 frilled lizards
  11 goblins
  6 kobolds
  5 rats
74 creatures vanquished.

Vanquished Creatures (others)
  2 fulminant prisms (D:3)
2 creatures vanquished.

Grand Total: 76 creatures vanquished

Notes
Turn   | Place    | Note
-------+----------+-------------------------------------------
     0 | D:1      | RascalDebosk the Djinni Conjurer began the quest for the
                  | Orb.
     0 | D:1      | RascalDebosk set off with the following spells memorised:
                  | Magic Dart, Searing Ray, Dazzling Flash, Fulminant Prism,
                  | Iskenderun's Mystic Blast.
     0 | D:1      | Reached XP level 1. HP: 15/15 MP: 0/0
    38 | D:1      | Reached XP level 2. HP: 6/22 MP: 0/0
   475 | D:1      | Reached skill level 1 in Fighting
   654 | D:1      | Reached XP level 3. HP: 23/27 MP: 0/0
   654 | D:1      | Learned a level 1 spell: Beastly Appendage
  1241 | D:2      | Found Femypnio's Jewellery Emporium.
  1391 | D:2      | Found Aguidibija's Assorted Antiques.
  1400 | D:2      | Bought a scroll labelled WOBBAR ZEKO for 23 gold pieces
  1400 | D:2      | Bought a scroll labelled WOBBAR ZEKO for 23 gold pieces
  1400 | D:2      | Bought an amethyst potion for 20 gold pieces
  1481 | D:2      | Found Qosenok's Armour Emporium.
  1540 | D:2      | Reached XP level 4. HP: 18/32 MP: 0/0
  1847 | D:2      | Reached skill level 4 in Spellcasting
  2276 | D:3      | Found a stormy altar of Qazlal.
  2545 | D:3      | Reached XP level 5. HP: 21/38 MP: 0/0
  2545 | D:3      | Learned a level 2 spell: Ensorcelled Hibernation
  2571 | D:3      | Noticed a sky beast
  2579 | D:3      | Killed a sky beast
  2580 | D:3      | Reached XP level 6. HP: 18/45 MP: 0/0
  3112 | D:3      | Noticed Sigmund
  3115 | D:3      | Reached skill level 5 in Spellcasting
  3116 | D:3      | Noticed Natasha
  3123 | D:3      | Killed from afar by Natasha

Illustrated notes

Levels and vault maps discovered:
D:1:      lightli_arrival_quake, layout_rooms, minivault_25
D:2:      layout_loops_ring, serial_shops, shop, shop_statue,
          nicolae_shop_trees, minmay_randomly_rotated_circles
D:3:      layout_rooms, mainiacjoe_overflow_brackets, hangedman_decor_points,
          minmay_joined_circles, uniq_sigmund, uniq_natasha

Skill      XL: |  1  2  3  4  5  6 |
---------------+-------------------+-----
Fighting       | 1 2 3 |  3.1
Spellcasting   | 4 5 |  5.0
Dodging        | |  2.1
Stealth        | |  1.5

Action                   |  1- 3 |  4- 6 || total
-------------------------+-------+-------++-------
 Cast: Magic Dart        |    69 |    67 ||   136
       Fulminant Prism   |       |     2 ||     2
       Searing Ray       |       |     2 ||     2
       Iskenderun's Myst |       |     2 ||     2
Armor: Robe              |       |     3 ||     3
Dodge: Dodged            |     3 |     8 ||    11
